 Dungeon Crawl Stone Soup version 0.19.0-1-g5985abe (webtiles) character file.

1542 Franakus the Sneak (level 8, -4/54 HPs)
             Began as an Octopode Wizard on Nov 2, 2016.
             Killed by divine providence
             ... invoked by an orc priest
              (13 damage)
             ... on level 6 of the Dungeon.
             The game lasted 01:03:46 (5546 turns).

Franakus the Sneak (Octopode Wizard)                Turns: 5546, Time: 01:03:48

Health: -4/54      AC:  1    Str:  7      XL:     8   Next: 87%
Magic:  4/16       EV: 16    Int: 22      God:
Gold:   274        SH:  0    Dex:  9 (10) Spells: 5 memorised, 7 levels left

rFire  . . .     SeeInvis .     g - +3 short sword (flame)
rCold  . . .     Gourm    +     (no shield)
rNeg   . . .     Faith    .     a - +0 hat
rPois  .         Spirit   .     v - amulet of the gourmand
rElec  .         Reflect  .     o - ring of stealth
rCorr  .         Harm     .     (no ring)
MR     .....                    (no ring)
Stlth  ++++++....               (no ring)
                                (no ring)
                                (no ring)
                                (no ring)
                                (no ring)

@: repel missiles
A: almost no armour, stealthy swim, amphibious, 8 rings, constrict 8, antennae
1, tentacle spike 1, repulsion field 1, camouflage 2, deterioration 1,
regeneration 1, screaming 1, gelatinous body 1, MP-powered wands
a: no special abilities


You were on level 6 of the Dungeon.
You were very full.

You visited 1 branch of the dungeon, and saw 6 of its levels.

You collected 274 gold pieces.

Inventory:

Hand Weapons
 g - a +3 short sword of flaming (weapon)
 x - a +1 short sword of electrocution
 y - a +2 falchion of holy wrath
Missiles
 q - 85 sling bullets
Armour
 a - a +0 hat (worn)
 p - a +0 buckler
Jewellery
 k - an uncursed amulet of faith
 m - an uncursed amulet of rage
 o - a ring of stealth (left tentacle)
 v - an amulet of the gourmand (around mantle)
Wands
 G - a wand of confusion (27/48)
Scrolls
 d - 2 scrolls of remove curse
 e - 2 scrolls of random uselessness
 f - a scroll of recharging
 i - a scroll of fear
 j - 3 scrolls of amnesia
 l - a scroll of fog
 n - 5 scrolls of teleportation
 t - 2 scrolls of identify
 E - a scroll of enchant armour {unknown}
Potions
 h - a potion of flight
 r - a potion of heal wounds
 s - a potion of curing
 u - 2 potions of agility
 w - a potion of mutation
 A - a potion of might
 B - a potion of lignification
 C - a potion of degeneration {unknown}
 D - a potion of ambrosia {unknown}
Books
 b - a book of Minor Magic

   Spells                             Type                      Level
   a - Magic Dart                     Conjuration                  1
   b - Blink                          Translocation                2
   c - Call Imp                       Summoning                    2
   d - Repel Missiles                 Charms/Air                   2
   e - Slow                           Hexes                        2
   f - Conjure Flame                  Conjuration/Fire             3
   g - Mephitic Cloud                 Conjuration/Poison/Air       3
Comestibles
 c - 5 bread rations
 z - 4 meat rations
 F - a beef jerky
 H - 3 fruits


   Skills:
 + Level 3.9 Fighting
 + Level 3.7 Dodging
 + Level 6.0 Stealth
 + Level 5.9 Spellcasting
 * Level 5.9 Conjurations
 + Level 0.2 Charms
   Level 1.0 Summonings
 + Level 1.0 Translocations
 - Level 1.6 Fire Magic
 + Level 1.0 Air Magic
 + Level 0.8 Poison Magic


You had 7 spell levels left.
You knew the following spells:

 Your Spells              Type           Power        Failure   Level  Hunger
a - Magic Dart            Conj           ####         1%          1    None
b - Blink                 Tloc           N/A          12%         2    None
c - Repel Missiles        Chrm/Air       #.....       12%         2    None
d - Conjure Flame         Conj/Fire      ###.....     8%          3    #......
e - Mephitic Cloud        Conj/Pois/Air  ###.....     12%         3    #......


Dungeon Overview and Level Annotations

Branches:
Dungeon (6/15)
 Temple: D:4-7

Altars:
Fedhas
Hepliaklqana
Makhleb
Ru
Yredelemnul

Shops:
D:4 :


Innate Abilities, Weirdness & Mutations

You cannot wear most types of armour.
You are very stealthy in the water. (Stealth+)
You are amphibious.
You can wear up to eight rings at the same time.
You can use your tentacles to constrict eight enemies at once.
Your skin blends seamlessly with your surroundings (Stealth++).
Your rubbery body absorbs attacks. (AC +1, EV +1)
You have a pair of small antennae on your head.
One of your tentacles bears a spike.
You are surrounded by a mild repulsion field. (EV +2)
Your body sometimes deteriorates upon taking damage.
Your natural rate of healing is unusually fast.
You occasionally shout uncontrollably at your foes.
You expend magic power (3 MP) to strengthen your wands.


Message History

You hit the orc priest but do no damage.
You pierce the orc priest, but do no damage.
The orc priest is lightly wounded.
You constrict the orc priest.
The orc priest mumbles some strange prayers to Beogh against you.
Beogh smites you!
* * * LOW HITPOINT WARNING * * *
Your body deteriorates!
You feel clumsy.
Casting: Mephitic Cloud
Confirm with . or Enter, or press ? or * to list all spells.
Aiming: Mephitic Cloud
Press: ? - help, Shift-Dir - straight line The ball explodes into a vile cloud!
The stinking cloud engulfs the orc priest.
The orc priest is moderately wounded.
The stinking cloud engulfs the orc wizard.
You constrict the orc priest.
The orc wizard seems less confused.
The orc priest calls down the wrath of Beogh upon you.
Beogh smites you!
You die...

#......#..
#......#.#
#....†)#{#
#.....†#.#
##.....≈#.########
#........h........
#.....≈......####
#......o§....#
#.....@§§§...#
#..)...§.o...#
##...†....#.##
#..........#
#..........# #
#..........# ###
#####......# ...
#####......## ...
#............. ...


You could see an orc priest, an orc wizard and a jackal (confused).

Vanquished Creatures
  4 sky beasts
  An ice beast (D:5)
  2 ogres (D:5)
  A centaur (D:5)
  3 crimson imps
  A bullfrog zombie (D:5)
  A bullfrog skeleton (D:6)
  2 orc priests
  4 hounds
  4 orc wizards
  Terence (D:2)
  An iguana (D:5)
  4 worker ants (D:4)
  A worker ant zombie (D:6)
  3 gnolls (D:4)
  9 adders
  2 shadow imps
  2 worms
  2 dart slugs
  2 leopard geckos
  19 orcs
  A ball python (D:4)
  4 bats
  3 giant cockroaches
  4 goblins (D:1)
  7 hobgoblins
  13 jackals
  A quokka (D:3)
  6 frilled lizards
  A jackal zombie (D:6)
  8 kobolds
  8 rats
125 creatures vanquished.

Notes
Turn   | Place    | Note
-------+----------+-------------------------------------------
     0 | D:1      | Franakus the Octopode Wizard began the quest for the Orb.
     0 | D:1      | Reached XP level 1. HP: 11/11 MP: 4/4
   107 | D:1      | Reached XP level 2. HP: 12/17 MP: 1/6
   111 | D:1      | Learned a level 2 spell: Blink
   242 | D:1      | Reached skill level 3 in Stealth
   679 | D:2      | Reached XP level 3. HP: 18/21 MP: 7/7
   683 | D:2      | Learned a level 2 spell: Repel Missiles
   687 | D:2      | Learned a level 3 spell: Conjure Flame
   786 | D:2      | Noticed Terence
  1192 | D:2      | Killed Terence
  1192 | D:2      | Reached skill level 1 in Fighting
  1192 | D:2      | Reached skill level 1 in Fire Magic
  1192 | D:2      | Reached XP level 4. HP: 9/28 MP: 1/9
  2094 | D:3      | Found a basalt altar of Yredelemnul.
  2704 | D:3      | Found a blossoming altar of Fedhas.
  2915 | D:4      | Reached XP level 5. HP: 33/33 MP: 7/10
  3005 | D:4      | Reached skill level 4 in Stealth
  3244 | D:3      | Learned a level 3 spell: Mephitic Cloud
  3440 | D:4      | Reached XP level 6. HP: 21/39 MP: 9/12
  3988 | D:4      | Gained mutation: You occasionally shout uncontrollably at your foes. [potion of mutation]
  3988 | D:4      | Gained mutation: Your natural rate of healing is unusually fast. [potion of mutation]
  4100 | D:4      | Reached XP level 7. HP: 40/45 MP: 11/13
  4149 | D:4      | Found Ythruopn's Book Shop.
  4272 | D:5      | Entered Level 5 of the Dungeon
  4705 | D:5      | Found a burning altar of Makhleb.
  4707 | D:5      | Found a hazy altar of Hepliaklqana.
  4945 | D:5      | Reached skill level 5 in Spellcasting
  4951 | D:5      | Reached XP level 8. HP: 35/51 MP: 1/15
  5060 | D:5      | Reached skill level 5 in Stealth
  5060 | D:5      | Reached skill level 5 in Conjurations
  5065 | D:5      | Gained mutation: You are surrounded by a mild repulsion field. (EV +2) [mutagenic meat]
  5066 | D:5      | Gained mutation: Your skin blends seamlessly with your surroundings (Stealth++). [mutagenic meat]
  5067 | D:5      | Gained mutation: You have a pair of small antennae on your head. [mutagenic meat]
  5068 | D:5      | Gained mutation: You expend magic power (3 MP) to strengthen your wands. [mutagenic meat]
  5126 | D:5      | Gained mutation: Your body sometimes deteriorates upon taking damage. [mutagenic meat]
  5288 | D:5      | Found a sacrificial altar of Ru.
  5476 | D:6      | Gained mutation: One of your tentacles bears a spike. [mutagenic meat]
  5528 | D:6      | Reached skill level 1 in Air Magic
  5539 | D:6      | Reached skill level 6 in Stealth
  5546 | D:6      | Killed from afar by an orc priest

Skill      XL: |  1  2  3  4  5  6  7  8 |
---------------+-------------------------+-----
Stealth        | 3 4 6 |  6.0
Fighting       | 1 2 3 |  3.9
Fire Magic     | 1 |  1.6
Conjurations   | 2 3 4 5 |  5.9
Spellcasting   | 4 5 |  5.9
Dodging        | 3 |  3.7
Air Magic      | 1 |  1.0
Charms         | |  0.2
Summonings     | |  1.0
Translocations | |  1.0
Poison Magic   | |  0.8

Action                   |  1- 3 |  4- 6 |  7- 9 || total
-------------------------+-------+-------+-------++-------
Melee: Unarmed           |    19 |       |       ||    19
       Constrict         |    16 |    19 |    21 ||    56
       Tentacles         |     9 |    10 |    18 ||    37
       Short sword       |    43 |    96 |   115 ||   254
       Kick              |       |       |     2 ||     2
 Cast: Magic Dart        |    41 |    83 |    31 ||   155
       Blink             |     1 |       |       ||     1
       Conjure Flame     |       |     6 |     2 ||     8
       Repel Missiles    |       |     2 |       ||     2
       Mephitic Cloud    |       |       |     7 ||     7
  Use: Scroll            |       |     9 |     2 ||    11
       Potion            |       |     5 |       ||     5
 Stab: Sleeping          |     4 |     3 |     4 ||    11
       Distracted        |       |     1 |     1 ||     2
       Confused          |       |       |     2 ||     2
  Eat: Chunk             |       |    20 |    13 ||    33
       Beef jerky        |       |     1 |       ||     1
Armor: Skin              |     7 |     4 |     2 ||    13
Dodge: Dodged            |    36 |    66 |    59 ||   161
       Deflected         |       |     1 |       ||     1
